 Dungeon Crawl Stone Soup version 0.25-a0-589-g1e14c549ee (webtiles) character file.

Game seed: 6659387330848114879, levelgen mode: deterministic

1422 Kohma the Changer (level 8, 0/68 HPs)
             Began as a Pale Draconian Transmuter on Mar 10, 2020.
             Slain by a wight
             ... wielding a cursed +2 war axe of freezing
              (3 damage)
             ... on level 7 of the Dungeon.
             The game lasted 00:14:29 (5826 turns).

Kohma the Changer (Pale Draconian Transmuter)       Turns: 5826, Time: 00:14:30

Health: 0/68       AC:  2    Str: 12    XL:     8   Next: 44%
Magic:  6/11       EV: 19    Int: 17    God:
Gold:   304        SH:  0    Dex: 16    Spells: 6/11 levels left

rFire    . . .     SeeInvis .     - Unarmed
rCold    . . .     Gourm    .   (shield currently unavailable)
rNeg     . . .     Faith    .   (armour unavailable)
rPois    x         Spirit   .   (helmet currently unavailable)
rElec    .         Reflect  .   (cloak currently unavailable)
rCorr    .         Harm     .   (gloves currently unavailable)
MR       .....                  (boots currently unavailable)
Stlth    +.........             (no amulet)
HPRegen  0.21/turn              (no ring)
MPRegen  0.12/turn              (no ring)

@: spider-form, starving, drained
A: tiny, (breathe steam), unfitting armour, AC +6
a: End Transformation


You were on level 7 of the Dungeon.
You were starving.
You were a venomous arachnid creature.
You visited 1 branch of the dungeon, and saw 7 of its levels.

You collected 397 gold pieces.
You spent 93 gold pieces at shops.

Inventory:

Missiles
 a - 125 arrows
 b - 30 sling bullets
 h - 41 poisoned darts (quivered)
Armour
 i - a +2 cloak of magic resistance (melded)
Jewellery
 n - a cursed ring of ice
 A - an uncursed ring of ice
Wands
 t - a wand of random effects (12)
 w - a wand of paralysis (12)
Scrolls
 e - a scroll of blinking
 g - a scroll of enchant armour
 j - a scroll of amnesia
 l - 3 scrolls of remove curse
 r - 2 scrolls of enchant weapon
 u - a scroll of magic mapping
 v - 2 scrolls of teleportation
Potions
 f - a potion of stabbing
 k - a potion of lignification
 m - a potion of might {unknown}
 o - a potion of haste {unknown}
 q - 2 potions of curing
 s - a potion of heal wounds {unknown}
 x - 2 potions of berserk rage
 z - a potion of invisibility {unknown}
 B - 2 potions of brilliance
 C - 2 potions of flight
Comestibles
 c - 10 rations


   Skills:
 - Level 5.0(4.3) Fighting
 - Level 2.0(1.4) Dodging
 + Level 6.7(6.0) Unarmed Combat
 - Level 2.0(1.4) Spellcasting
 * Level 7.0(6.3) Transmutations
 - Level 2.0(1.4) Poison Magic


You had 6 spell levels left.
You knew the following spells:

 Your Spells              Type           Power        Failure   Level  Hunger
b - Sticks to Snakes      Tmut           ###.....     9%          2    ###....
c - Spider Form           Tmut/Pois      ##........   28%         3    ####...

Your spell library contained the following spells:

 Spells                   Type           Power        Failure   Level  Hunger
 Beastly Appendage        Tmut           ###...       7%          1    ##.....
 Blade Hands              Tmut           ###.......   61%         5    ######.
 Ice Form                 Ice/Tmut       ##......     71%         4    #####..


Dungeon Overview and Level Annotations

Branches:
Dungeon (7/15)             Temple (0/1) D:7

Altars:
Dithmenos
Elyvilon
Gozag
Qazlal
Ru

Shops:
D:4 *


Innate Abilities, Weirdness & Mutations

((You can breathe blasts of scalding, opaque steam.))
((Your pale cyan-grey scales are hard. (AC +6)))
You cannot fit into any form of body armour.
((You are cold-blooded and may be slowed by cold attacks.))


Message History

* * * LOW HITPOINT WARNING * * *
You are near starving!
The wight barely misses you.
You closely miss the hungry ghost.
The hungry ghost is almost destroyed.
You feel yourself speed up. The hungry ghost hits you.
* * * LOW HITPOINT WARNING * * *
You feel quite a bit more hungry. The wight barely misses you.
The hungry ghost hits you.
* * * LOW HITPOINT WARNING * * *
You are starving!
You barely miss the hungry ghost.
The hungry ghost is almost destroyed.
The wight hits you with a cursed +2 war axe of freezing.
* * * LOW HITPOINT WARNING * * *
You feel drained.
* * * LOW HITPOINT WARNING * * *
The wight freezes you.
You die...

,,,,,,,,,,,,,,,,,,,,,,,,,,,>,,*,,
**,,,,,,,..*,#.#..,,,*******,**,,
,,,,,,,,,...,#.###,,,,,,,,,,,,*,,
,,,,,,,,,,..##...###,,,*****,,*,,
,,,,,,......#......,,*,* *,,,,,
,,,,,#.....##..>..#*,,,* *,,,,*
**#.##...#W.......*,,*** *,,,,*
,,.......gg###$W.#*,,* *,,,,,
,........#...###s#,,.# *,,*,*
,..8......#.g.g#z#...# *,,*,*
,.........#..#.gn..#,* *,,*,*
,....n....##..#g#..#,* *,,*,*
,..........n.......#,* *,,*,*
*,#.......###..##..#,* *,,*,*
*,#..............#.#,* *,,*,*
*,#.####.#.#.......#,*******,,*,*
*,*,#<...........)..,,,,,,,,,,*,*


You could see a hungry ghost, a necrophage, a wight and 2 gnolls.

Vanquished Creatures
  Sigmund (D:2)
  Eustachio (D:4)
  An ice beast (D:3)
  A necrophage (D:3)
  A bullfrog (D:6)
  3 scorpions
  2 howler monkeys
  A bullfrog zombie (D:5)
  A crimson imp (D:2)
  A hound (D:4)
  A jelly (D:5)
  3 orc priests
  2 orc wizards
  Crazy Yiuf (D:2)
  A bullfrog skeleton (D:5)
  Ijyb (D:3)
  Terence (D:1)
  2 worker ants
  2 hound skeletons
  Robin (D:3)
  5 gnolls
  5 adders
  A howler monkey skeleton (D:4)
  2 worms
  3 dart slugs
  3 leopard geckos
  13 orcs
  3 giant cockroaches
  9 hobgoblins
  9 jackals
  3 quokkas
  2 ball pythons
  5 bats
  3 frilled lizards
  13 goblins
  A jackal skeleton (D:4)
  2 kobolds
  2 rats
112 creatures vanquished.

Vanquished Creatures (collateral kills)
  An adder (D:2)
  2 jackals (D:2)
  A frilled lizard (D:2)
  A rat (D:2)
5 creatures vanquished.

Grand Total: 117 creatures vanquished

Notes
Turn   | Place    | Note
-------+----------+-------------------------------------------
     0 | D:1      | Kohma the Draconian Transmuter began the quest for the Orb.
     0 | D:1      | Reached XP level 1. HP: 16/16 MP: 3/3
   822 | D:2      | Noticed Terence
   858 | D:1      | Reached XP level 2. HP: 19/23 MP: 3/5
   874 | D:1      | Killed Terence
   874 | D:1      | Reached XP level 3. HP: 16/29 MP: 3/6
   878 | D:1      | Learned a level 2 spell: Sticks to Snakes
   882 | D:1      | Learned a level 3 spell: Spider Form
  1089 | D:2      | Noticed Sigmund
  1109 | D:2      | Killed Sigmund
  1109 | D:2      | Reached skill level 3 in Transmutations
  1109 | D:2      | Reached XP level 4. HP: 11/38 MP: 1/7
  1109 | D:2      | Reached XP level 5. HP: 13/45 MP: 1/8
  1335 | D:2      | Reached skill level 5 in Unarmed Combat
  1555 | D:2      | Reached XP level 6. HP: 47/51 MP: 2/9
  1678 | D:2      | Found a white marble altar of Elyvilon.
  1777 | D:2      | Found a runed translucent door.
  1778 | D:2      | Noticed Crazy Yiuf
  1787 | D:2      | Killed Crazy Yiuf
  2153 | D:2      | Reached skill level 1 in Poison Magic
  2517 | D:3      | Noticed Ijyb
  2523 | D:3      | Killed Ijyb
  2613 | D:3      | Reached skill level 4 in Transmutations
  2800 | D:3      | Found a sacrificial altar of Ru.
  2827 | D:3      | Identified the +1 helmet of the Last Songs {rElec rPois
                  | MR+}
  2827 | D:3      | Noticed Robin
  2840 | D:3      | Killed Robin
  2903 | D:3      | Noticed an ice beast
  2913 | D:3      | Killed an ice beast
  2913 | D:3      | Your scales start taking on a pale cyan-grey colour.
  2913 | D:3      | Reached XP level 7. HP: 42/58 MP: 3/10
  3220 | D:4      | Found an opulent altar of Gozag.
  3310 | D:4      | Found Jotwugycs's Assorted Antiques.
  3533 | D:4      | Bought a scroll labeled GEWESO ZAEDGH for 24 gold pieces
  3533 | D:4      | Bought a scroll labeled CUJEAF FAWNYS for 24 gold pieces
  3533 | D:4      | Bought a metallic puce potion for 21 gold pieces
  3533 | D:4      | Bought a scroll labeled HYIRHY TIBALISI for 24 gold pieces
  3533 | D:4      | Found a shadowy altar of Dithmenos.
  3550 | D:4      | Reached skill level 5 in Transmutations
  3563 | D:4      | Found a stormy altar of Qazlal.
  3673 | D:4      | Noticed Eustachio
  3715 | D:4      | Killed Eustachio
  3715 | D:4      | Reached XP level 8. HP: 41/67 MP: 6/11
  4362 | D:5      | Entered Level 5 of the Dungeon
  4365 | D:5      | Reached skill level 6 in Transmutations
  4374 | D:5      | Reached skill level 5 in Fighting
  5789 | D:7      | Found a staircase to the Ecumenical Temple.
  5807 | D:7      | Reached skill level 7 in Transmutations
  5826 | D:7      | HP: 3/68 [wight/cursed +2 war axe of freezing (3)]
  5826 | D:7      | Slain by a wight

Levels and vault maps discovered:
D:1:      dpeg_arrival_more_subterranean_lakeside_camping, layout_basic
D:2:      layout_rooms, elyvilon_altar_3, uniq_terence, uniq_sigmund,
          uniq_crazy_yiuf_cottage
D:3:      layout_loops_cross, nicolae_ru_sacrificial_ziggurat, uniq_robin,
          uniq_ijyb
D:4:      cheibrodos_pilgrimage, layout_cave_pools, overflow_temple_1_default,
          lemuel_crystal_altar, serial_shops, shop, nicolae_gozag_seed_capital,
          uniq_eustachio
D:5:      layout_basic, first_ration
D:6:      layout_loops_cross, dk_noncrumbling_4, uniq_pikel, uniq_edmund
D:7:      layout_basic, lemuel_crystal_altar, lemuel_crystal_altar,
          minmay_temple_entry_slanted, serial_undead, serial_undead_d,
          serial_undead_b, serial_undead_c, serial_undead_a, serial_undead_e,
          serial_undead_d, serial_undead_c, serial_undead_d

Skill      XL: |  1  2  3  4  5  6  7  8 |
---------------+-------------------------+-----
Dodging        | 2 |  2.0
Fighting       | 3 4 5 |  5.0
Unarmed Combat | 4 5 6 |  6.7
Transmutations | 3 4 5 7 |  7.0
Poison Magic   | 2 |  2.0
Spellcasting   | |  2.0

Action                   |  1- 3 |  4- 6 |  7- 9 || total
-------------------------+-------+-------+-------++-------
Melee: Unarmed           |    76 |   141 |   215 ||   432
       Tailslap          |     5 |     5 |    14 ||    24
       Headbutt          |     1 |       |       ||     1
       Kick              |     8 |     2 |       ||    10
       Punch             |     1 |       |     1 ||     2
 Cast: Beastly Appendage |     8 |     2 |       ||    10
       Spider Form       |     2 |    15 |    14 ||    31
       Sticks to Snakes  |     2 |       |       ||     2
  Use: Potion            |     1 |       |     1 ||     2
       Scroll            |       |       |    17 ||    17
  Eat: Chunk             |     1 |     8 |     8 ||    17
       Ration            |       |       |     3 ||     3
Armor: Skin              |    26 |    20 |    27 ||    73
Dodge: Dodged            |    64 |   129 |   176 ||   369

Table legend:
 A = Non-vault XP
 B = Vault XP
 C = Vault XP percentage of total XP
 D = Non-vault monster count
 E = Vault monster count
 F = Vault count percentage of total count
                 A         B        C        D         E       F
            +---------+---------+-------+---------+---------+-------
      Total |    1412 |     620 |  30.5 |      96 |      21 |  17.9
            +---------+---------+-------+---------+---------+-------
        D:1 |      20 |      36 |  64.3 |       8 |       1 |  11.1
        D:2 |     190 |     259 |  57.7 |      37 |       2 |   5.1
        D:3 |     276 |      70 |  20.2 |      11 |      12 |  52.2
        D:4 |     398 |     255 |  39.1 |      22 |       6 |  21.4
        D:5 |     354 |       0 |   0.0 |      14 |       0 |   0.0
        D:6 |      90 |       0 |   0.0 |       1 |       0 |   0.0
        D:7 |      84 |       0 |   0.0 |       3 |       0 |   0.0
            +---------+---------+-------+---------+---------+-------
